 Dungeon Crawl Stone Soup version 0.29-a0-338-g1ff7896281 (webtiles) character file.

Game seed: 6306633187409209247

46 zeratav the Sneak (level 3, 0/16 HPs)
             Began as a Vine Stalker Enchanter on Apr 17, 2022.
             Slain by a worm (3 damage)
             ... on level 2 of the Dungeon.
             The game lasted 00:02:55 (1657 turns).

zeratav the Sneak (Vine Stalker Enchanter)          Turns: 1657, Time: 00:02:56

Health: 0/16       AC:  2    Str: 10    XL:     3   Next: 68%
Magic:  0/7        EV: 12    Int: 15    God:
Gold:   31         SH:  0    Dex: 16    Spells: 4/6 levels left

rFire   . . .      SeeInvis .   j - +0 rapier {short}
rCold   . . .      Faith    .   (no shield)
rNeg    . . .      Spirit   +   b - +0 robe
rPois   .          Reflect  .   (no helmet)
rElec   .          Harm     .   (no cloak)
rCorr   .          Rampage  .   (no gloves)
Will    .....                   (no boots)
Stlth   +++.......              (no amulet)
HPRegen 0.05/turn               (no ring)
MPRegen 0.10/turn               (no ring)

@: no status effects
A: fangs 2, magic shield, antimagic bite, no potion heal 2
a: no special abilities


You were on level 2 of the Dungeon.
You visited 1 branch of the dungeon, and saw 2 of its levels.

You collected 31 gold pieces.


Innate Abilities, Weirdness & Mutations

You have extremely sharp teeth.
When hurt, damage is shared between your health and your magic reserves.
Your bite disrupts and absorbs the magic of your enemies.
Potions cannot restore your health.


   Skills:
 * Level 2.2 Short Blades
 + Level 0.3 Armour
 - Level 1.5 Dodging
 + Level 4.1 Stealth
 - Level 2.1 Spellcasting
 + Level 3.4 Hexes


You had 4 spell levels left.
You knew the following spells:

 Your Spells              Type           Power      Damage    Failure   Level
a - Ensorcelled Hibernat  Hex/Ice        12%        N/A       16%         2

Your spell library contained the following spells:

 Spells                   Type           Power      Damage    Failure   Level
 Confusing Touch          Hex            11%        N/A       16%         3
 Tukima's Dance           Hex            11%        N/A       16%         3
 Dazzling Flash           Conj/Hex       12%        N/A       32%         3

Inventory:

Hand Weapons
 a - a +1 dagger {short}
 j - a +0 rapier (weapon) {short}
   (You found it on level 1 of the Dungeon)
Armour
 b - a +0 robe (worn)
 d - a +0 robe
   (You found it on level 1 of the Dungeon)
 g - a +0 ring mail
   (You found it on level 1 of the Dungeon)
 h - a +0 leather armour
   (You found it on level 1 of the Dungeon)
 i - a +0 leather armour
   (You found it on level 1 of the Dungeon)
 l - a +0 leather armour
   (You found it on level 2 of the Dungeon)
 n - a +0 robe
   (You found it on level 2 of the Dungeon)
Scrolls
 e - 2 scrolls of identify {unknown}
 m - a scroll of blinking {unknown}
Potions
 c - 2 potions of invisibility
 f - a potion of heal wounds {unknown}
 k - a potion of attraction {unknown}
 o - a potion of curing {unknown}

Dungeon Overview and Level Annotations

Branches:
Dungeon (2/15)

Altars:

.#..............#
#........8.....#
..........8....##
.#..............#
...............##
...............#
###............##
#....w.........#
#....@.......#.#
#...........#..#
#.........###.##
#.........###.#
##.........##.#
#.............#
#.........#..##
#.(.......#..#
##.....>...##.#


You could see a worm.


Message History

You completely miss the dart slug. The ball python barely misses you.
The ball python grabs you. The ball python constricts you.
The ball python bites you. The ball python constricts you.
HP[-2] MP[-1]
You take 2 damage, and now have 11/16 hp.
You lost 1 mp, and now have 4/7 mp.
You are too injured to fight recklessly!
You are too injured to fight recklessly!
You are too injured to fight recklessly!
You are too injured to fight recklessly!
You are too injured to fight recklessly!
You are too injured to fight recklessly!
You are too injured to fight recklessly!
You are too injured to fight recklessly!
You are too injured to fight recklessly!
You are too injured to fight recklessly!
You are too injured to fight recklessly!
You are too injured to fight recklessly!
You are too injured to fight recklessly!
You are too injured to fight recklessly!
You are too injured to fight recklessly!
You are too injured to fight recklessly!
You are too injured to fight recklessly!
Casting: Ensorcelled Hibernation (safe; 17% risk of failure)
Confirm with . or Enter, or press ? or * to list all spells.
Aiming: Ensorcelled Hibernation (safe; 17% risk of failure)
Press: ? - help, Shift-Dir - straight line, f - dart slug
Aim: a dart slug (chance to affect: 57%)
The dart slug resists with significant effort.
The dart slug bites you.
The ball python bites you but does no damage.
The ball python constricts you.
HP[-1] MP[-3]
You take 1 damage, and now have 10/16 hp.
You lost 3 mp, and now have 1/7 mp.
Casting: Ensorcelled Hibernation (safe; 17% risk of failure)
Confirm with . or Enter, or press ? or * to list all spells.
You don't have enough magic to cast this spell.
You hit the dart slug. You bite the dart slug. You drain its power.
You feel invigorated. The ball python closely misses you.
The ball python constricts you. The dart slug barely misses you.
MP[+1]
You hit the dart slug.
You kill the dart slug!
The ball python bites you but does no damage.
The ball python constricts you.
You puncture the ball python!
You kill the ball python!
MP[+1]
Things that are here:
a ball python corpse; a ball python corpse You start resting.
HP[+2] MP[+4]
You regained 2 hp, and now have 12/16 hp.
Your mp is fully restored (7).
You start resting.
HP[+4]
Your hp is fully restored (16).
n - a +0 robe
Things that are here:
a ball python corpse; a ball python corpse
o - a sapphire potion You see here 4 boomerangs {throwing}.
A worm comes into view.
The worm moves out of view.
The worm resists with some effort.
MP[-2]
You lost 2 mp, and now have 5/7 mp.
The worm looks drowsy...
MP[-2]
You lost 2 mp, and now have 3/7 mp.
You barely miss the worm. The worm bites you!
Ouch! That really hurt!
* * * LOW HITPOINT WARNING * * *
You are too injured to fight recklessly!
HP[-8] MP[-2]
You take 8 damage, and now have 8/16 hp.
MASSIVE DAMAGE!! (PAUSE)
You lost 2 mp, and now have 1/7 mp.
You are too injured to fight recklessly!
You are too injured to fight recklessly!
You are too injured to fight recklessly!
You are too injured to fight recklessly!
You are too injured to fight recklessly!
You are too injured to fight recklessly!
You are too injured to fight recklessly!
You are too injured to fight recklessly!
You are too injured to fight recklessly!
You hit the worm but do no damage. You bite the worm. You drain its power.
You feel invigorated. The worm bites you!
* * * LOW HITPOINT WARNING * * *
HP[-5]
You take 5 damage, and now have 3/16 hp.
MASSIVE DAMAGE!! (PAUSE)
You barely miss the worm. You puncture the worm!
The worm bites you but does no damage.
MP[+1]
You hit the worm. You bite the worm. You drain its power.
You feel invigorated. The worm bites you!
You die...

Skill      XL: |  1  2  3 |
---------------+----------+-----
Short Blades   | 1 2 |  2.2
Stealth        | 4 |  4.1
Armour         | |  0.3
Dodging        | |  1.5
Spellcasting   | |  2.1
Hexes          | |  3.4

Action                   || total
-------------------------++-------
Melee: Dagger            ||    54
       Bite              ||    18
       Punch             ||     2
       Rapier            ||    37
 Cast: Ensorcelled Hiber ||    10
 Stab: Sleeping          ||     8
       Distracted        ||     1
Armor: Robe              ||    16
Dodge: Dodged            ||    50

Levels and vault maps discovered:
D:1:      minmay_arrival_cross, layout_basic
D:2:      layout_rooms, shapermc_ecumenical_altar_pompeii,
          minmay_close_crescents

Notes
Turn   | Place    | Note
-------+----------+-------------------------------------------
     0 | D:1      | zeratav the Vine Stalker Enchanter began the quest for the
                  | Orb.
     0 | D:1      | Reached XP level 1. HP: 9/9 MP: 4/4
     0 | D:1      | magus.rc [v1.9.6]
    36 | D:1      | Reached skill level 1 in Short Blades
   333 | D:1      | Reached XP level 2. HP: 13/13 MP: 6/6
   336 | D:1      | Learned a level 2 spell: Ensorcelled Hibernation
   693 | D:1      | Reached skill level 4 in Stealth
  1050 | D:1      | Reached XP level 3. HP: 16/16 MP: 7/7
  1238 | D:2      | Reached skill level 2 in Short Blades
  1238 | D:2      | Found a faded altar of an unknown god.
  1654 | D:2      | HP: 3/16 [worm (5)]
  1657 | D:2      | Slain by a worm

Vanquished Creatures
  An adder (D:2)
  A dart slug (D:2)
  6 endoplasms
  2 giant cockroaches
  3 hobgoblins (D:1)
  3 jackals (D:2)
  5 kobolds (D:1)
  4 ball pythons
  A bat (D:2)
  2 frilled lizards (D:1)
  5 rats (D:1)
33 creatures vanquished.

Table legend:
 A = Non-vault XP
 B = Vault XP
 C = Vault XP percentage of total XP
 D = Non-vault monster count
 E = Vault monster count
 F = Vault count percentage of total count
                 A         B        C        D         E       F
            +---------+---------+-------+---------+---------+-------
      Total |      58 |       9 |  13.4 |      29 |       4 |  12.1
            +---------+---------+-------+---------+---------+-------
        D:1 |      36 |       0 |   0.0 |      23 |       0 |   0.0
        D:2 |      22 |       9 |  29.0 |       6 |       4 |  40.0
            +---------+---------+-------+---------+---------+-------

Illustrated notes

Table legend:
 A = Kills in this place as a percentage of kills in entire the game.
 B = Kills by you in this place as a percentage of kills by you in the entire game.
 C = Kills by friends in this place as a percentage of kills by friends in the entire game.
 D = Other kills in this place as a percentage of other kills in the entire game.
 E = Experience gained in this place as a percentage of experience gained in the entire game.
 F = Experience gained in this place divided by the number of levels of this place that you have seen.
                   A       B       C       D       E      F
               +-------+-------+-------+-------+-------+----------------------
         Total | 100.0 | 100.0 |   N/A |   N/A | 100.0 |  33.5
       Dungeon | 100.0 | 100.0 |   N/A |   N/A | 100.0 |  33.5
               +-------+-------+-------+-------+-------+----------------------

Table legend: (Time is in decaauts)
 A = Elapsed time spent in this place.
 B = Non-inter-level travel time spent in this place.
 C = Inter-level travel time spent in this place.
 D = Time resting spent in this place.
 E = Time spent auto-exploring this place.
 F = Levels seen in this place.
 G = Mean time per level.
                   A        B        C        D        E       F      G
               +--------+--------+--------+--------+--------+-----+--------+
         Total |   1655 |   1637 |     18 |    432 |    966 |   2 |  827.5 |
       Dungeon |   1655 |   1637 |     18 |    432 |    966 |   2 |  827.5 |
               +--------+--------+--------+--------+--------+-----+--------+

Top non-repeatable levels by time:
     D:1: 1212 daAuts
     D:2: 443 daAuts
